[Event "Titled Tuesday Blitz August 1 Late 2023"]
[White "only_strong_moves"]
[Black "Pein, Jonathan"]
[BlackFideId "417092"]
[WhiteElo "2704"]
[BlackElo "2417"]
[Result "1-0"]
[Round "1"]
[TimeControl "180+1"]
[Date "2023.08.01"]
[WhiteClock "0:00:06"]
[BlackClock "0:00:04"]
[Board "72"]

1. d4 c5 2. d5 f5 3. c4 Nf6 4. Nc3 g6 5. g3 Bg7 6. Bg2 d6 7. Nf3 Nbd7 8. O-O O-O 9. Nd2 b6 10. e4 Ne5 11. Qe2 Ba6 12. f4 Neg4 13. h3 Nh5 14. Rf3 Bd4+ 15. Kh1 e5 16. Nf1 exf4 17. Bxf4 Re8 18. Qd3 Nxf4 19. gxf4 Nf2+ 20. Rxf2 Bxf2 21. exf5 Re3 22. Nxe3 Qh4 23. Ng4 Bd4 24. fxg6 Bc8 25. gxh7+ Kh8 26. Qe2 Bd7 27. Ne4 Re8 28. Qf3 Kxh7 29. f5 Be5 30. Rf1 Kh8 31. Qe3 Rg8 32. Qh6+ Qxh6 33. Nxh6 Rf8 34. f6 Kh7 35. Ng4 Bxb2 36. Ng5+ Kg6 37. Ne6 Rf7 38. Be4+ Kh5 39. Kh2 b5 40. Rf5+ Kh4 41. Rf4 Kh5 42. Rf5+ Kh4 43. Rf2 bxc4 44. Rxb2 Ba4 45. Nf4 Kg5 46. Ne6+ Kh4 47. Bg6 c3 48. Rg2 Rb7 49. f7 Rxf7 50. Bxf7 c2 51. Rg1 c4 52. Nf2 c1=Q 53. Rg4# 1-0


[Site "https://www.chess.com"]

[Event "Titled Tuesday Blitz August 1 Late 2023"]
[White "Gatterer, Florian"]
[Black "nickVet"]
[WhiteFideId "811688"]
[WhiteElo "2416"]
[BlackElo "2703"]
[Result "0-1"]
[Round "1"]
[TimeControl "180+1"]
[Date "2023.08.01"]
[WhiteClock "0:00:00"]
[BlackClock "0:00:56"]
[Board "73"]

1. c4 c6 2. Nf3 d5 3. g3 Nf6 4. Bg2 Bg4 5. Ne5 Bf5 6. cxd5 cxd5 7. Qb3 Qc7 8. Qc3 Nc6 9. Nxc6 bxc6 10. d4 e6 11. O-O c5 12. Bf4 Qb6 13. dxc5 Bxc5 14. e3 O-O 15. Nd2 Bb4 16. Qc1 Rac8 17. Qd1 Qa6 18. Nb3 Bd3 19. Be5 Nd7 20. Bxg7 Kxg7 21. Qg4+ Kh8 22. Qxb4 Bxf1 23. Bxf1 Qb6 24. Qh4 Qd8 25. Qd4+ Qf6 26. Qxa7 Ne5 27. Bg2 Rc2 28. Qd4 Qxf2+ 0-1


[Site "https://www.chess.com"]

[Event "Titled Tuesday Blitz August 1 Late 2023"]
[White "Klukin, Kirill"]
[Black "KrokerGuy"]
[WhiteFideId "24199273"]
[WhiteElo "2694"]
[BlackElo "2414"]
[Result "1-0"]
[Round "1"]
[TimeControl "180+1"]
[Date "2023.08.01"]
[WhiteClock "0:02:07"]
[BlackClock "0:02:03"]
[Board "74"]

1. d4 d5 2. c4 e6 3. Nc3 Nf6 4. Nf3 Bb4 5. Bd2 O-O 6. e3 c5 7. a3 Bxc3 8. Bxc3 cxd4 9. Nxd4 Ne4 10. Rc1 b6 11. Bd3 Nxc3 12. Rxc3 dxc4 13. Be4 e5 14. Ne2 1-0


[Site "https://www.chess.com"]

[Event "Titled Tuesday Blitz August 1 Late 2023"]
[White "Lima, Kleyton Alcantara"]
[Black "Kuzmicz, Krystian"]
[WhiteFideId "22718397"]
[BlackFideId "1119125"]
[WhiteElo "2412"]
[BlackElo "2692"]
[Result "0-1"]
[Round "1"]
[TimeControl "180+1"]
[Date "2023.08.01"]
[WhiteClock "0:00:21"]
[BlackClock "0:00:39"]
[Board "75"]

1. d4 g6 2. e4 Bg7 3. Nc3 c6 4. f4 d5 5. e5 Nh6 6. Nf3 Bg4 7. Be2 f6 8. h3 Bxf3 9. Bxf3 O-O 10. O-O e6 11. Be3 fxe5 12. fxe5 Nf5 13. Bf2 Bh6 14. Qe2 Qg5 15. Bg4 Nd7 16. Rae1 Rf7 17. Bxf5 Rxf5 18. Be3 Rxf1+ 19. Kxf1 Qf5+ 20. Kg1 Bxe3+ 21. Qxe3 Qxc2 22. Re2 Qf5 23. g4 Qf7 24. Rf2 Qe7 25. g5 Rf8 26. Ne2 Rxf2 27. Kxf2 Qf7+ 28. Kg3 Qf5 29. b4 Nb6 30. h4 Nc4 31. Qf4 Qd3+ 32. Kf2 Nd2 33. Ng3 Ne4+ 34. Nxe4 Qxd4+ 35. Kf3 Qxe4+ 36. Qxe4 dxe4+ 37. Kxe4 Kf7 38. Kd4 Ke7 39. Kc5 Kd7 40. a4 Kc7 41. Kc4 a6 42. a5 b6 43. Kd4 c5+ 44. Kc4 cxb4 45. Kxb4 0-1


[Site "https://www.chess.com"]

[Event "Titled Tuesday Blitz August 1 Late 2023"]
[White "Ponikarovsky, Alexey"]
[Black "FuenfgegenWilly"]
[WhiteFideId "4122887"]
[WhiteElo "2685"]
[BlackElo "2410"]
[Result "1/2-1/2"]
[Round "1"]
[TimeControl "180+1"]
[Date "2023.08.01"]
[WhiteClock "0:01:28"]
[BlackClock "0:00:21"]
[Board "76"]

1. e4 c5 2. d4 cxd4 3. Nf3 Nc6 4. Bc4 e6 5. O-O a6 6. Qe2 b5 7. Bb3 d6 8. Rd1 Qb6 9. c3 dxc3 10. Nxc3 Nf6 11. Be3 Qb8 12. Bf4 Be7 13. e5 dxe5 14. Nxe5 Nxe5 15. Bxe5 Qb7 16. Bc2 Bd7 17. Bxf6 Bxf6 18. Ne4 Be7 19. Nd6+ Bxd6 20. Rxd6 Rc8 21. Be4 Qc7 22. Rad1 Ke7 23. Rxd7+ Qxd7 24. Rxd7+ Kxd7 25. Qd2+ Ke7 26. Qb4+ Kf6 27. Qd4+ Ke7 28. h4 g6 29. Qa7+ Kf6 30. Qxa6 Rc5 31. Qd6 Rhc8 32. Qd4+ Ke7 33. Bf3 h5 34. g3 e5 35. Qb4 Kf6 36. a4 bxa4 37. Qxa4 Rb8 38. Qa6+ Kg7 39. Qd6 Rcb5 40. b3 R8b6 41. Qe7 Kg8 42. Be4 Kg7 43. b4 Re6 44. Qd7 Rxb4 45. Qd3 Rd4 46. Qe3 Red6 47. Kg2 Rb4 48. Bf3 Rb5 49. Be2 Ra5 50. Bc4 Rc6 51. Qd3 Rac5 52. Ba2 Rc3 53. Qd5 Rf6 54. Qxe5 Rc6 55. Bd5 Rd6 56. Be4 Rb6 57. Qd4 Rd6 58. Qc3 Rb6 59. Bf3 Rd6 60. Qe3 Rb6 61. Qg5 Rf5 62. Qe3 Rff6 63. Qd4 Rd6 64. Qc3 Kh7 65. g4 hxg4 66. Bxg4 Kg7 67. Bf3 Rb6 68. h5 gxh5 69. Bxh5 Rd6 70. Qg3+ Kf8 71. Qe5 Rde6 72. Qc5+ Kg7 73. Bg4 Rd6 74. Qg5+ Rg6 75. Qe5+ Rdf6 76. f3 Kf8 77. Kg3 Kg7 78. Qd4 Kf8 79. Kf2 Rd6 80. Qh8+ Rg8 81. Qh4 Rgg6 82. Bh5 Rgf6 83. Qb4 Kg7 84. Bg4 Rb6 85. Qc5 Rbd6 86. Qg5+ Kf8 87. Kg3 Rg6 88. Qe5 Rgf6 89. Kh4 Kg7 90. f4 Kf8 91. f5 Rh6+ 92. Kg3 Rhf6 93. Kf4 Rh6 94. Qc3 Rhf6 95. Kg5 Kg7 96. Bh5 Ra6 97. Qe5 Rb6 98. Qe7 Ra6 99. Qe5 Rb6 100. Qg3 Ra6 101. Bf3 Rg6+ 102. fxg6 Rxg6+ 103. Kf4 Rxg3 104. Kxg3 f6 105. Kf4 Kg6 106. Be4+ f5 1/2-1/2


[Site "https://www.chess.com"]

[Event "Titled Tuesday Blitz August 1 Late 2023"]
[White "i_like_explosions"]
[Black "Rosen, Eric"]
[BlackFideId "2032562"]
[WhiteElo "2409"]
[BlackElo "2683"]
[Result "1-0"]
[Round "1"]
[TimeControl "180+1"]
[Date "2023.08.01"]
[WhiteClock "0:00:12"]
[BlackClock "0:00:01"]
[Board "77"]

1. d4 d5 2. c4 e6 3. cxd5 exd5 4. Nc3 c6 5. Nf3 Nf6 6. Bg5 Bd6 7. Qc2 O-O 8. e3 h6 9. Bh4 Be6 10. Bd3 Re8 11. O-O Nbd7 12. Bg3 Bxg3 13. hxg3 Ng4 14. Ne2 Ndf6 15. Nf4 Ne4 16. Bxe4 dxe4 17. Nd2 Bf5 18. Nc4 Qf6 19. Rfd1 g5 20. Nh3 Qg6 21. d5 cxd5 22. Rxd5 Be6 23. Rd4 Rac8 24. Qe2 Rc6 25. Nd6 Rd8 26. Nxe4 Rxd4 27. exd4 Bf5 28. Nc3 Re6 29. Qd2 Nf6 30. d5 Rd6 31. Re1 b5 32. a3 a5 33. Qd4 Bd7 34. Qe5 Ng4 35. Qe4 Qxe4 36. Rxe4 Nf6 37. Rd4 Bc6 38. f4 g4 39. Nf2 h5 40. Nfe4 Nxe4 41. Nxe4 Rxd5 42. Rxd5 Bxd5 43. Nf6+ Kf8 44. Nxd5 f5 45. Nc3 b4 46. axb4 axb4 47. Nd5 b3 48. Ne3 Ke7 49. Nxf5+ Kf7 50. Ne3 h4 51. gxh4 g3 52. Nc4 Kf6 53. Nd2 Kf5 54. Nxb3 Kxf4 55. Nc1 Ke3 56. b4 Kd4 57. Nd3 Kd5 58. h5 Ke6 59. b5 Kd5 60. h6 Ke6 61. h7 1-0


[Site "https://www.chess.com"]

[Event "Titled Tuesday Blitz August 1 Late 2023"]
[White "Dimitrov, Atanas"]
[Black "Reprintsev, Alexander"]
[WhiteFideId "2901315"]
[BlackFideId "14100541"]
[WhiteElo "2682"]
[BlackElo "2407"]
[Result "0-1"]
[Round "1"]
[TimeControl "180+1"]
[Date "2023.08.01"]
[WhiteClock "0:00:01"]
[BlackClock "0:00:17"]
[Board "78"]

1. Nf3 Nc6 2. c4 e5 3. Nc3 Bb4 4. Qc2 Nf6 5. b3 d5 6. cxd5 Nxd5 7. Bb2 Nxc3 8. Bxc3 Bxc3 9. Qxc3 Qe7 10. e3 O-O 11. Bb5 e4 12. Bxc6 bxc6 13. Nd4 c5 14. Ne2 Ba6 15. Ng3 Rfd8 16. Rc1 Rd5 17. Rc2 Rad8 18. Kd1 Bd3 19. Rb2 h5 20. h4 g6 21. Kc1 R8d6 22. f3 Rc6 23. Nxe4 Bxe4 24. fxe4 Qxe4 25. Rc2 Qxg2 26. Rd1 Qe4 27. Qc4 Qxc4 28. Rxc4 Rcd6 29. Kc2 Kg7 30. d3 f6 31. Rc3 g5 32. Rh1 Kg6 33. Rh3 Rf5 34. Rh2 a5 35. e4 Rf3 36. Rxc5 Rdxd3 37. hxg5 fxg5 38. Rxc7 h4 39. Rc8 h3 40. Rh8 g4 41. e5 Rde3 42. Rg8+ Kf5 43. Rd2 Rxe5 44. Rf8+ Kg5 45. Rg8+ Kh4 46. Rd4 Rg5 47. Rh8+ Kg3 48. a3 Kg2 49. b4 axb4 50. axb4 g3 51. Rd2+ Rf2 52. b5 Rxb5 53. Kc3 Rxd2 54. Kxd2 h2 55. Kc3 h1=Q 56. Rg8 Qc1+ 57. Kd3 Qc5 58. Rg4 Qd5+ 59. Rd4 Rb3+ 60. Ke2 Qxd4 61. Ke1 Re3# 0-1


[Site "https://www.chess.com"]

[Event "Titled Tuesday Blitz August 1 Late 2023"]
[White "Uzcategui Rodriguez, Alejandro"]
[Black "Papp, Levente"]
[WhiteFideId "3903400"]
[BlackFideId "751243"]
[WhiteElo "2406"]
[BlackElo "2682"]
[Result "0-1"]
[Round "1"]
[TimeControl "180+1"]
[Date "2023.08.01"]
[WhiteClock "0:00:00"]
[BlackClock "0:00:33"]
[Board "79"]

1. d4 c6 2. Nf3 g6 3. Bg5 Qb6 4. Nbd2 Qxb2 5. e3 d5 6. Be2 Nf6 7. Bxf6 exf6 8. c4 dxc4 9. Bxc4 Bg7 10. O-O O-O 11. Rb1 Qa3 12. h3 Nd7 13. Qc2 Nb6 14. Bd3 Be6 15. Rb2 Rac8 16. Ne4 Bf5 17. Rfb1 Bxe4 18. Bxe4 f5 19. Bd3 Rfd8 20. Rb3 Qe7 21. a4 c5 22. dxc5 Rxc5 23. Qa2 Ra5 24. Bb5 Bf6 25. Rb4 Nd5 26. Rc4 Nc3 27. Rxc3 Bxc3 28. Qc4 Bf6 29. Qc2 a6 30. Bf1 Rc5 31. Qb3 Rd7 32. Qb6 Qd6 33. Qa7 b5 34. Qa8+ Rd8 35. Qb7 bxa4 36. Rb6 Qe7 37. Qxa6 Bg7 38. Qxa4 Rc1 39. Qb3 Rdd1 40. Rb8+ Bf8 41. Nd2 Rxd2 0-1


[Site "https://www.chess.com"]

[Event "Titled Tuesday Blitz August 1 Late 2023"]
[White "Morefield, Jason"]
[Black "Sliwicki, Damian"]
[WhiteFideId "30920825"]
[BlackFideId "1127128"]
[WhiteElo "2681"]
[BlackElo "2406"]
[Result "1-0"]
[Round "1"]
[TimeControl "180+1"]
[Date "2023.08.01"]
[WhiteClock "0:00:07"]
[BlackClock "0:00:15"]
[Board "80"]

1. e4 c5 2. Nf3 g6 3. c3 Bg7 4. d4 cxd4 5. cxd4 d5 6. e5 a6 7. h3 Nc6 8. Nc3 f6 9. Bf4 e6 10. exf6 Nxf6 11. Be2 O-O 12. O-O Nh5 13. Bg5 Qb6 14. Na4 Qa7 15. Be3 Nf4 16. Nc5 b6 17. Nd3 Nxe2+ 18. Qxe2 a5 19. Rfc1 Ne7 20. Nde5 Ba6 21. Qd1 Nf5 22. Bf4 b5 23. Nc6 Qb6 24. Be5 Rac8 25. Bxg7 Kxg7 26. Nce5 Rxc1 27. Rxc1 Rc8 28. Rxc8 Bxc8 29. Qc1 Bb7 30. g4 Nd6 31. Qc5 Qxc5 32. dxc5 Nc4 33. c6 Bc8 34. g5 Nxb2 35. Nd4 b4 36. Nb5 a4 37. Nd6 Ba6 38. c7 b3 39. axb3 a3 40. Ne8+ Kf8 41. Nf6 a2 42. Nxh7+ Kg7 43. Nf6 a1=Q+ 44. Kg2 Qa5 45. b4 Qxc7 46. Ne8+ Kf8 47. Nxc7 Bc4 48. Nxg6+ Kg7 49. Ne5 Nd3 50. Nxd3 Bxd3 51. Nxe6+ Kf7 52. Nd4 Be4+ 53. Kg3 Ke7 54. h4 Bd3 55. Kf4 Kd6 56. h5 Bh7 57. g6 Bg8 58. h6 Ke7 59. Ke5 Kf8 60. Kf6 Bf7 61. h7 Bg8 62. h8=Q Ke8 63. Qxg8+ Kd7 64. Qxd5+ Kc7 65. Ke7 Kb6 66. Qb5+ Ka7 67. Nc6+ Ka8 68. Qa6# 1-0


[Site "https://www.chess.com"]

[Event "Titled Tuesday Blitz August 1 Late 2023"]
[White "Stachanczyk, Jacek"]
[Black "Schnaider, Ilan"]
[WhiteFideId "1116657"]
[BlackFideId "169013"]
[WhiteElo "2405"]
[BlackElo "2679"]
[Result "0-1"]
[Round "1"]
[TimeControl "180+1"]
[Date "2023.08.01"]
[WhiteClock "0:01:39"]
[BlackClock "0:02:31"]
[Board "81"]

1. e4 c5 2. Nf3 d6 3. d4 cxd4 4. Nxd4 Nf6 5. Nc3 a6 6. Rg1 e5 7. Nf5 d5 8. Bg5 d4 9. Nd5 Bxf5 10. Bxf6 gxf6 11. Qf3 Be6 12. Nxf6+ Ke7 13. O-O-O Bg7 14. Nh5 Bh6+ 15. Kb1 Kf8 16. Nf6 Nd7 17. Nxd7+ Qxd7 18. Qf6 Bg7 0-1


[Site "https://www.chess.com"]

[Event "Titled Tuesday Blitz August 1 Late 2023"]
[White "Volkov, Maksim"]
[Black "Jahnz, Fabian"]
[WhiteFideId "54123070"]
[BlackFideId "4653300"]
[WhiteElo "2679"]
[BlackElo "2404"]
[Result "1-0"]
[Round "1"]
[TimeControl "180+1"]
[Date "2023.08.01"]
[WhiteClock "0:00:20"]
[BlackClock "0:00:05"]
[Board "82"]

1. d4 d5 2. c4 e6 3. Nf3 Nf6 4. g3 Nbd7 5. Bg2 Be7 6. O-O c6 7. Nbd2 O-O 8. Qc2 b6 9. e4 dxe4 10. Nxe4 Bb7 11. Rd1 Nxe4 12. Qxe4 Nf6 13. Qe2 Qc7 14. Bf4 Bd6 15. Bxd6 Qxd6 16. Ne5 Rab8 17. c5 bxc5 18. dxc5 Qxc5 19. Rac1 Qa5 20. b3 c5 21. Nc4 Qb5 22. Qe5 Bxg2 23. Kxg2 Qb7+ 24. f3 Nd5 25. Nd6 Qa6 26. Rd2 Rfd8 27. Ne4 Rbc8 28. Nxc5 Qa5 29. Rdc2 Nb4 30. Rc4 Qxa2+ 31. Kh3 Nc6 32. Qe3 Ne7 33. Nxe6 Rxc4 34. Rxc4 fxe6 35. Qxe6+ Kh8 36. Qxe7 Rg8 37. Rb4 Qf2 38. Qf7 Qf1+ 39. Kg4 Qg1 40. h4 Qc5 41. Rb7 Qc2 42. Rxa7 Qc3 43. Qc4 Qe3 44. Rc7 Rf8 45. f4 Qe1 46. Qc2 Qe6+ 47. Kf3 Qd5+ 48. Kf2 Rd8 49. Rc8 h6 50. Rxd8+ Qxd8 51. Kg2 Qd5+ 52. Kh2 Qa5 53. g4 Qb4 54. Kg3 Qa3 55. h5 Qa1 56. Kg2 Qe1 57. g5 Qe3 58. Qc8+ Kh7 59. g6# 1-0


[Site "https://www.chess.com"]

[Event "Titled Tuesday Blitz August 1 Late 2023"]
[White "Silva Lucena, Cristian"]
[Black "Sokolovsky, Yahli"]
[WhiteFideId "2232588"]
[BlackFideId "2820242"]
[WhiteElo "2402"]
[BlackElo "2678"]
[Result "0-1"]
[Round "1"]
[TimeControl "180+1"]
[Date "2023.08.01"]
[WhiteClock "0:00:13"]
[BlackClock "0:00:14"]
[Board "83"]

1. e4 d6 2. d4 Nf6 3. Nc3 g6 4. Bg5 Bg7 5. e5 Nfd7 6. exd6 cxd6 7. Qd2 h6 8. Be3 Nf6 9. h3 Nbd7 10. Bc4 Nb6 11. Bb3 Bf5 12. g4 Ne4 13. Nxe4 Bxe4 14. f3 Bd5 15. h4 Rc8 16. Rh2 Qc7 17. O-O-O Bxb3 18. axb3 Nd5 19. Re2 a5 20. Qd3 O-O 21. Nh3 Nb4 22. Qd2 Nxc2 23. Qxc2 Qb6 24. Kb1 Rxc2 25. Rxc2 Qxb3 26. Re1 a4 27. Rc3 Qb4 28. Rd1 Ra8 29. Ra3 b5 30. Nf4 Qc4 31. Rc3 Qb4 32. Ra3 e6 33. Nd3 Qa5 34. Bd2 Qb6 35. Bb4 Bxd4 36. Nf4 Bc5 37. Bxc5 dxc5 38. Rad3 b4 39. h5 g5 40. Ne2 b3 41. Ng3 a3 42. bxa3 Rxa3 43. Ne4 Ra1+ 44. Kxa1 Qa5+ 45. Kb2 Qa2+ 46. Kc3 Qc2# 0-1


[Site "https://www.chess.com"]

[Event "Titled Tuesday Blitz August 1 Late 2023"]
[White "Annaberdiyev, Meylis"]
[Black "Rodriguez Fontecha, Marcos"]
[WhiteFideId "14000563"]
[BlackFideId "2256576"]
[WhiteElo "2674"]
[BlackElo "2399"]
[Result "0-1"]
[Round "1"]
[TimeControl "180+1"]
[Date "2023.08.01"]
[WhiteClock "0:00:00"]
[BlackClock "0:00:05"]
[Board "84"]

1. e4 e6 2. d4 d5 3. e5 c5 4. Nf3 cxd4 5. Bd3 Nc6 6. O-O f6 7. Bf4 fxe5 8. Nxe5 Nf6 9. Nd2 Bd6 10. Bb5 Qc7 11. Ndf3 O-O 12. Bxc6 bxc6 13. Bg3 Ne4 14. Nd3 Nxg3 15. hxg3 e5 16. Nc1 c5 17. b4 cxb4 18. Re1 Bg4 19. Nb3 Rac8 20. Rc1 Rce8 21. Qd3 Bf5 22. Qb5 Be4 23. Nbd2 Rb8 24. Qa4 Bxf3 25. Nxf3 e4 26. Nxd4 Bc5 27. c3 bxc3 28. Rxc3 Qb6 29. Rd1 Rbc8 30. Rb3 Qf6 31. Rb2 Rb8 32. Rbd2 Rb4 33. Qd7 Rxd4 34. Rxd4 Qxf2+ 35. Kh2 Bxd4 36. Qxd5+ Kh8 37. Rxd4 e3 38. Rf4 Rxf4 39. gxf4 Qxf4+ 40. g3 Qf2+ 41. Kh3 h6 42. Qd8+ Kh7 43. Qd3+ Kg8 44. Qd5+ Kf8 45. Qc5+ Kf7 0-1


[Site "https://www.chess.com"]

[Event "Titled Tuesday Blitz August 1 Late 2023"]
[White "Der_Balak_3Halak"]
[Black "Ardelean, George-Catalin"]
[BlackFideId "1207091"]
[WhiteElo "2398"]
[BlackElo "2671"]
[Result "1-0"]
[Round "1"]
[TimeControl "180+1"]
[Date "2023.08.01"]
[WhiteClock "0:01:29"]
[BlackClock "0:00:18"]
[Board "85"]

1. e4 c5 2. Nf3 Nc6 3. Bb5 g6 4. O-O Bg7 5. c3 e5 6. d4 exd4 7. cxd4 cxd4 8. Bf4 a6 9. Bc4 Nge7 10. Bd6 b5 11. Bd5 Bb7 12. Nbd2 O-O 13. Nb3 Re8 14. Nc5 Ra7 15. Bxf7+ Kxf7 16. Qb3+ Kf6 17. Be5+ Nxe5 18. Nxe5 Kxe5 19. Qg3+ Kf6 20. Qf4+ Nf5 21. exf5 Qb8 22. Nxd7+ 1-0


[Site "https://www.chess.com"]

[Event "Titled Tuesday Blitz August 1 Late 2023"]
[White "Tanriverdi, Enes"]
[Black "kiwibobo"]
[WhiteFideId "34543279"]
[WhiteElo "2671"]
[BlackElo "2389"]
[Result "1-0"]
[Round "1"]
[TimeControl "180+1"]
[Date "2023.08.01"]
[WhiteClock "0:00:23"]
[BlackClock "0:00:34"]
[Board "86"]

1. Nf3 Nf6 2. g3 g6 3. Bg2 Bg7 4. O-O O-O 5. d4 d5 6. c4 c6 7. Qb3 dxc4 8. Qxc4 Be6 9. Qc2 Bf5 10. Qd1 Nbd7 11. Nc3 Nb6 12. Re1 Nbd5 13. Na4 Nb6 14. Nc5 Nbd7 15. Nxb7 Qb6 16. Nc5 Nxc5 17. dxc5 Qxc5 18. Be3 Qb4 19. Nd4 Qxb2 20. Nxc6 Rfe8 21. Bd4 Qb5 22. Nxe7+ Rxe7 23. Bxa8 h5 24. Qb3 Qe8 25. Bf3 a6 26. Rad1 h4 27. Qb2 Re6 28. Rc1 hxg3 29. hxg3 Nh5 30. Bxg7 Nxg7 31. Rc7 Re7 32. Rec1 Rxc7 33. Rxc7 Qa4 34. Qd2 Ne6 35. Rc8+ Kh7 36. Ra8 Nd4 37. Qg5 Qd1+ 38. Kh2 Nxe2 39. Qh4+ 1-0


[Site "https://www.chess.com"]

[Event "Titled Tuesday Blitz August 1 Late 2023"]
[White "KorolDimitriy75"]
[Black "Rastbod, Ali"]
[BlackFideId "12567477"]
[WhiteElo "2385"]
[BlackElo "2665"]
[Result "0-1"]
[Round "1"]
[TimeControl "180+1"]
[Date "2023.08.01"]
[WhiteClock "0:00:04"]
[BlackClock "0:00:06"]
[Board "87"]

1. d4 d5 2. c4 e6 3. Nc3 h6 4. e3 Nf6 5. Bd3 dxc4 6. Bxc4 c5 7. Nf3 cxd4 8. exd4 b6 9. O-O Bb7 10. Re1 Be7 11. Bf4 O-O 12. h3 Nc6 13. a3 Na5 14. Ba2 Nd5 15. Bg3 Nxc3 16. bxc3 Bd5 17. Bb1 Rc8 18. Qd3 f5 19. Ne5 Bf6 20. Bc2 Bxe5 21. Bxe5 Nc4 22. a4 Nxe5 23. Rxe5 Qc7 24. Re3 Rf6 25. Rg3 Qc6 26. f4 Rf7 27. Re1 Rfc7 28. Ree3 Qd6 29. Qf1 a5 30. Kh2 Kh8 31. Qf2 Rc6 32. Qf1 Qc7 33. Qf2 Qd6 34. Qf1 R8c7 35. Qf2 Qd8 36. Qf1 Qc8 37. Qe1 Rf7 38. Qd2 Qc7 39. Qe1 g5 40. Rgf3 Bxf3 41. Rxf3 gxf4 42. Bb3 Rf6 43. Qh4 Kg7 44. Rxf4 Rxc3 45. Bd1 Rg6 46. Bf3 Rg4 47. hxg4 Qxf4+ 48. Kh3 Rxf3+ 49. gxf3 Qxf3+ 50. Kh2 Qf4+ 51. Kh1 Qe4+ 52. Kh2 Qe2+ 53. Kh1 Qd1+ 54. Kh2 Qc2+ 55. Kh1 Qc6+ 56. Kh2 Qc7+ 57. Kh1 Qf7 58. g5 hxg5 59. Qxg5+ Kh7 60. Qh4+ Kg8 61. Qf4 Qh5+ 62. Kg2 Qg4+ 63. Qxg4+ fxg4 64. Kg3 Kf7 65. Kxg4 Ke7 66. Kf4 Kd7 67. Ke5 b5 68. axb5 a4 69. d5 exd5 70. Kd4 Kd6 71. b6 Kc6 72. b7 Kxb7 73. Kxd5 a3 74. Kc4 a2 0-1


[Site "https://www.chess.com"]

[Event "Titled Tuesday Blitz August 1 Late 2023"]
[White "Ezat, Mohamed"]
[Black "Eggleston, Thomas A"]
[WhiteFideId "10600906"]
[BlackFideId "412139"]
[WhiteElo "2663"]
[BlackElo "2382"]
[Result "1-0"]
[Round "1"]
[TimeControl "180+1"]
[Date "2023.08.01"]
[WhiteClock "0:00:07"]
[BlackClock "0:00:01"]
[Board "88"]

1. d4 e6 2. c4 f5 3. Nc3 Nf6 4. e3 d5 5. Qc2 c6 6. Bd3 Ne4 7. Nge2 Bd6 8. O-O O-O 9. f3 Nxc3 10. Nxc3 Kh8 11. g3 Na6 12. a3 Bd7 13. Bd2 Rc8 14. e4 c5 15. cxd5 cxd4 16. dxe6 Bxe6 17. exf5 Bg8 18. Rae1 Be7 19. Kg2 dxc3 20. Bxc3 Bf6 21. Rd1 Qc7 22. Be4 Bxc3 23. bxc3 Nc5 24. Bd5 Qe5 25. Bxg8 Kxg8 26. g4 b6 27. Rfe1 Qf6 28. Qd2 Rfd8 29. Qe3 Rxd1 30. Rxd1 Rd8 31. g5 Qf8 32. Rd4 Re8 33. Qf4 Re2+ 34. Kg3 Re8 35. h4 Kh8 36. Rd6 Qe7 37. f6 gxf6 38. Rxf6 Qe1+ 39. Kg4 Qe7 40. Kh5 Qg7 41. Qf5 Nd7 42. Rf7 Qg6+ 43. Qxg6 hxg6+ 44. Kh6 Ne5 45. Rf6 Nxf3 46. Rxf3 Kg8 47. Kxg6 Re6+ 48. Rf6 Re3 49. h5 Rxc3 50. h6 Rxa3 51. h7+ Kh8 52. Rf8# 1-0


[Site "https://www.chess.com"]

[Event "Titled Tuesday Blitz August 1 Late 2023"]
[White "Haitin, Ilja"]
[Black "Korchmar, Vasiliy"]
[WhiteFideId "4501764"]
[BlackFideId "24131750"]
[WhiteElo "2379"]
[BlackElo "2662"]
[Result "0-1"]
[Round "1"]
[TimeControl "180+1"]
[Date "2023.08.01"]
[WhiteClock "0:00:00"]
[BlackClock "0:00:25"]
[Board "89"]

1. Nf3 d5 2. e3 Nf6 3. b3 Bf5 4. Bb2 e6 5. Nh4 Bg4 6. Be2 Bxe2 7. Qxe2 c5 8. f4 Nc6 9. O-O Bd6 10. Nf3 O-O 11. d3 Re8 12. Ne5 Bxe5 13. fxe5 Nd7 14. Qh5 g6 15. Qf3 Ndxe5 16. Qg3 d4 17. Nd2 f5 18. exd4 cxd4 19. Rae1 Ng4 20. Nc4 b5 21. Nd6 Re7 22. Nxb5 a6 23. Na3 Ne3 24. Rxe3 dxe3 25. Qxe3 Qd5 26. Nc4 Rae8 27. h4 e5 28. h5 Nd4 29. hxg6 hxg6 30. Qg5 Ne2+ 31. Kf2 Nf4 32. Ne3 Qc5 33. Rh1 Rh7 34. Rxh7 Kxh7 35. Qh4+ Kg8 36. Qf6 Qxe3+ 37. Kxe3 Nd5+ 38. Kf2 Nxf6 0-1


[Site "https://www.chess.com"]

[Event "Titled Tuesday Blitz August 1 Late 2023"]
[White "Manukyan, Sargis A."]
[Black "Bueno, Alfeu Junior Varela"]
[WhiteFideId "13303970"]
[BlackFideId "2108879"]
[WhiteElo "2660"]
[BlackElo "2378"]
[Result "1-0"]
[Round "1"]
[TimeControl "180+1"]
[Date "2023.08.01"]
[WhiteClock "0:00:20"]
[BlackClock "0:00:03"]
[Board "90"]

1. d4 e6 2. c4 f5 3. Nc3 b6 4. e4 fxe4 5. Nxe4 Nf6 6. Bg5 Bb4+ 7. Nc3 Bb7 8. Nf3 O-O 9. Bd3 Qe8 10. O-O Bxc3 11. bxc3 Qh5 12. Bxf6 Rxf6 13. Ne5 Qg5 14. g3 d6 15. h4 Rh6 16. Qa4 Kf8 17. Nc6 Rxh4 18. d5 exd5 19. Rae1 Bxc6 20. Qc2 dxc4 21. Be4 Rxe4 22. Rxe4 Bxe4 23. Qxe4 d5 24. Qf3+ Ke7 25. Re1+ Kd7 26. Qf7+ Kc6 27. Re8 Kb7 28. Qg8 Qg6 29. Qxd5+ Qc6 30. Qg8 a6 31. a4 b5 32. a5 b4 33. cxb4 c3 34. b5 axb5 35. a6+ Nxa6 36. Rxa8 c2 37. Qc8+ Kb6 38. Rxa6+ Kc5 39. Rxc6+ Kxc6 40. Qe8+ Kb6 41. Qe3+ c5 42. Qc3 1-0


[Site "https://www.chess.com"]

[Event "Titled Tuesday Blitz August 1 Late 2023"]
[White "Bernat, David"]
[Black "Bjelobrk, Igor"]
[WhiteFideId "2099225"]
[BlackFideId "4300726"]
[WhiteElo "2378"]
[BlackElo "2658"]
[Result "0-1"]
[Round "1"]
[TimeControl "180+1"]
[Date "2023.08.01"]
[WhiteClock "0:00:05"]
[BlackClock "0:00:37"]
[Board "91"]

1. c4 c5 2. Nc3 g6 3. g3 Bg7 4. Bg2 Nc6 5. e4 d6 6. Nge2 Nf6 7. O-O O-O 8. d3 Bd7 9. h3 a6 10. Be3 Rb8 11. a4 Ne8 12. d4 cxd4 13. Nxd4 Nc7 14. Qd2 Na5 15. Qe2 Ne6 16. Nxe6 Bxe6 17. Nd5 Bxd5 18. cxd5 Rc8 19. Rad1 Qd7 20. b4 Nc4 21. Bd4 Qxa4 22. Bxg7 Kxg7 23. Rb1 Rc7 24. f4 f6 25. f5 Ne5 26. fxg6 hxg6 27. b5 a5 28. b6 Rc2 29. Qe3 Qc4 30. Rf2 Rc8 31. Rbf1 a4 32. Qa3 Qb3 33. Qxb3 axb3 34. Rb1 Rc1+ 35. Rf1 R1c3 36. Rf2 Rxg3 37. Kh2 Rcc3 38. Bf1 Rge3 39. Bg2 Nc4 40. Rbb2 Nxb2 41. Rxb2 Rc2 42. Rb1 Ree2 0-1


[Site "https://www.chess.com"]